Jets vs Ducks
(R1)
Created - April 5, 2025 at 22:53
Goals
|
| Jets |
2 |
1 |
1 |
4 |
| Ducks |
0 |
0 |
2 |
2 |
|
Shots
|
| Jets |
9 |
12 |
14 |
35 |
| Ducks |
13 |
8 |
11 |
32 |
|
1st period
1. Jets , Samuel Blais 9 (Mirco Mueller 9) at 6:29
2. Jets , Matt Martin 10 (Dylan Strome 17) at 8:41 (PP)
Penalties :
Anthony Beauvillier (Ana) for Tripping (Minor) at 7:52, Adam Larsson (Win) for Holding (Minor) at 11:06, Troy Stetcher (Win) for High sticking (Minor) at 17:25
2nd period
3. Jets , Troy Stetcher 8 (Pavel Buchnevich 15, Roope Hintz 11) at 19:48
Penalties :
Anthony Mantha (Win) for Slashing (Minor) at 1:37, Calvin de Haan (Ana) for Boarding (Major) at 9:24, Noah Hanifin (Ana) for Tripping (Minor) at 17:38
3rd period
4. Jets , Pavel Buchnevich 15 (Troy Stetcher 18, Alex Tuch 15) at 4:18
5. Ducks , Wayne Simmonds 14 (Calvin de Haan 11, Jake Dotchin 10) at 5:10
6. Ducks , Andrew Cogliano 5 (Kyle Okposo 6) at 7:34
Penalties :
Patrice Bergeron (Ana) for Tripping (Minor) at 0:38, Jack Roslovic (Win) for Hooking (Minor) at 2:04, Matt Martin (Win) for Cross-checking (Minor) at 18:16
Goalie Stats
Jacob Markstrom (Win), 30 saves from 32 shots - (0.938), W, 31-24-3, 60:00 minutes
Marek Mazanek (Ana), 31 saves from 35 shots - (0.886), L, 7-12-2, 60:00 minutes
Players Stats for Jets
Player Name G A P +/- PIM S H SB GA TA FO MP PP MP PK MP
------------------------------------------------------------------------------------
Adam Gaudette 0 0 0 0 0 2 1 0 0 0 0/0 15:52 3:35 0:00
Adam Larsson 0 0 0 -1 2 7 3 1 0 0 0/0 28:54 5:40 3:19
Alex Tuch 0 1 1 1 0 0 1 0 0 0 1/2 10:14 0:33 0:00
Anthony Mantha 0 0 0 -1 2 1 1 0 1 0 0/3 21:54 5:03 4:07
Dougie Hamilton 0 0 0 -1 0 3 0 2 0 0 0/0 30:05 5:40 4:29
Dylan Strome 0 1 1 0 0 2 2 1 0 0 10/16 18:22 3:35 2:20
Erik Cernak 0 0 0 1 0 0 1 3 1 1 0/0 10:47 0:00 1:53
Frank Vatrano 0 0 0 1 0 0 2 0 1 0 0/0 6:46 0:00 0:00
Jack Roslovic 0 0 0 -1 2 4 1 0 1 1 0/0 17:17 4:56 0:00
Matt Martin 1 0 1 0 2 2 1 0 0 0 1/3 18:30 3:31 2:28
Mirco Mueller 0 1 1 1 0 0 0 0 0 0 0/0 9:12 0:00 0:18
Pavel Buchnevich 1 1 2 1 0 3 0 2 0 0 0/0 13:41 0:47 3:13
Roope Hintz 0 1 1 1 0 4 2 1 0 0 3/5 9:51 0:10 0:00
Ryan Murray 0 0 0 1 0 0 0 1 0 1 0/0 20:43 3:33 4:19
Sam Reinhart 0 0 0 1 0 0 1 0 0 0 1/2 6:46 0:00 0:00
Samuel Blais 1 0 1 1 0 3 0 0 0 0 0/0 7:17 0:27 0:04
Troy Stetcher 1 1 2 1 2 1 2 0 2 1 0/0 20:17 3:33 3:54
Tyler Seguin 0 0 0 -1 0 3 1 0 1 0 19/41 23:48 5:01 6:00
Players Stats for Ducks
Player Name G A P +/- PIM S H SB GA TA FO MP PP MP PK MP
------------------------------------------------------------------------------------
Andrew Cogliano 1 0 1 0 0 5 3 0 0 0 1/1 11:29 0:03 2:06
Anthony Beauvillier 0 0 0 -1 2 3 0 0 0 0 0/0 14:32 4:02 0:00
Calvin de Haan 0 1 1 2 5 2 1 2 0 0 0/0 17:03 3:15 0:00
Carter Verhaeghe 0 0 0 -1 0 1 1 0 0 0 3/3 17:11 4:21 0:00
Chris Bigras 0 0 0 0 0 0 0 1 0 0 0/0 15:06 0:00 5:07
Cody Eakin 0 0 0 -1 0 2 1 1 1 0 15/25 19:04 4:02 2:36
Frederick Gaudreau 0 0 0 0 0 2 2 0 0 1 6/18 17:17 4:42 2:26
Jake Dotchin 0 1 1 2 0 2 1 1 1 1 0/0 18:06 0:19 5:07
Kris Versteeg 0 0 0 -1 0 2 2 0 1 0 1/2 15:16 0:22 2:26
Kyle Connor 0 0 0 0 0 1 1 0 0 0 0/0 15:08 4:42 0:30
Kyle Okposo 0 1 1 0 0 3 1 0 0 0 0/1 13:10 0:00 4:43
Mike Richards 0 0 0 -1 0 2 1 1 1 1 4/6 9:34 0:03 0:21
Nikita Tryamkin 0 0 0 0 0 0 0 0 0 1 0/0 17:20 2:56 3:31
Noah Hanifin 0 0 0 -2 2 2 0 2 0 0 0/0 24:15 5:51 0:35
Patrice Bergeron 0 0 0 0 2 1 1 0 0 0 6/14 14:16 0:19 3:53
Robby Fabbri 0 0 0 0 0 1 1 0 0 1 0/0 14:50 4:42 0:00
Tyler Myers 0 0 0 -2 0 1 1 0 0 2 0/0 26:28 5:51 3:31
Wayne Simmonds 1 0 1 0 0 2 2 0 0 0 1/2 10:05 0:00 0:00
3 Stars
1 - Pavel Buchnevich (Win)
2 - Troy Stetcher (Win)
3 - Samuel Blais (Win)
Power Play
Jets - 1 on 4 Attempt(s) - 25.00%
Ducks - 0 on 5 Attempt(s) - 0.00%
Penalty Kill
Jets - 5 on 5 Attempt(s) - 100.00%
- Score 0 goal in Penalty Kill
Ducks - 3 on 4 Attempt(s) - 75.00%
- Score 0 goal in Penalty Kill
Team Stat
Jets - Hits : 19 - Faceoff Wins : 35 - Blocked Shots : 11 - Penalty Minutes : 10
Ducks - Hits : 19 - Faceoff Wins : 37 - Blocked Shots : 8 - Penalty Minutes : 11
Official
Referees : Brad Meier and Chris Rooney
Linesman : Tyson Baker and Bevan Mills
Game Notes
No Game Note
Finance
Level 1 -- Attendance: 5516 (91.93%) -- Ticket Income $551,600
Level 2 -- Attendance: 4858 (97.16%) -- Ticket Income $340,060
Level 3 -- Attendance: 1848 (92.40%) -- Ticket Income $73,920
Level 4 -- Attendance: 3488 (87.20%) -- Ticket Income $104,640
Luxury Box -- Attendance: 1000 (100.00%) -- Ticket Income $200,000
Game was played at the Arrow head pond.
Total Attendance: 16710 (92.83%)
Total Ticket Income: $1,270,220
Other Income: $190,533
Total Income: $1,460,753
Jets
5 vs 5 Forward
Center Left Wing Right Wing Time % Phy DF OF
1 Tyler Seguin Anthony Mantha Jack Roslovic 35 1 2 2
2 Dylan Strome Matt Martin Adam Gaudette 35 1 2 2
3 Roope Hintz Pavel Buchnevich Alex Tuch 20 1 2 2
4 Sam Reinhart Samuel Blais Frank Vatrano 10 1 2 2
5 vs 5 Defense
Defense Defense Time % Phy DF OF
1 Adam Larsson Dougie Hamilton 40 1 2 2
2 Ryan Murray Troy Stetcher 30 1 2 2
3 Erik Cernak Mirco Mueller 20 1 2 2
4 Adam Larsson Dougie Hamilton 10 1 2 2
PowerPlay Forward
Center Left Wing Right Wing Time % Phy DF OF
1 Tyler Seguin Anthony Mantha Jack Roslovic 60 1 1 3
2 Dylan Strome Matt Martin Adam Gaudette 40 1 1 3
PowerPlay Defense
Defense Defense Time % Phy DF OF
1 Adam Larsson Dougie Hamilton 60 1 2 2
2 Ryan Murray Troy Stetcher 40 1 2 2
Penalty Kill 4 Players Forward
Center Wing Time % Phy DF OF
1 Tyler Seguin Anthony Mantha 60 1 2 2
2 Dylan Strome Matt Martin 40 1 2 2
Penalty Kill 4 Players Defense
Defense Defense Time % Phy DF OF
1 Adam Larsson Dougie Hamilton 60 1 2 2
2 Ryan Murray Troy Stetcher 40 1 2 2
Penalty Kill - 3 Players Forward
Forward Time % Phy DF OF
1 Tyler Seguin 60 1 2 2
2 Dylan Strome 40 1 2 2
Penalty Kill - 3 Players Defense
Defense Defense Time % Phy DF OF
1 Adam Larsson Dougie Hamilton 60 1 2 2
2 Ryan Murray Troy Stetcher 40 1 2 2
4 vs 4 Forward
Center Wing Time % Phy DF OF
1 Tyler Seguin Anthony Mantha 60 1 2 2
2 Dylan Strome Matt Martin 40 1 2 2
4 vs 4 Defense
Defense Defense Time % Phy DF OF
1 Adam Larsson Dougie Hamilton 60 1 2 2
2 Ryan Murray Troy Stetcher 40 1 2 2
Last Minutes Offensive
Center Left Wing Right Wing Defense Defense
Tyler Seguin Anthony Mantha Jack Roslovic Adam Larsson Dougie Hamilton
Last Minutes Defensive
Center Left Wing Right Wing Defense Defense
Tyler Seguin Anthony Mantha Jack Roslovic Adam Larsson Dougie Hamilton
Goaltenders
Starting : Jacob Markstrom
Backup : James Reimer
Extra Forwards
Normal : Pavel Buchnevich, Adam Gaudette, Alex Tuch - PP : Pavel Buchnevich, Adam Gaudette - PK : Pavel Buchnevich
Extra Defensemen
Normal : Troy Stetcher, Erik Cernak, Mirco Mueller - PP : Troy Stetcher - PK : Troy Stetcher, Erik Cernak
Penalty Shots
Tyler Seguin, Jack Roslovic, Anthony Mantha, Matt Martin, Pavel Buchnevich
Custom OT Lines Forwards
Tyler Seguin, Jack Roslovic, Anthony Mantha, Matt Martin, Pavel Buchnevich, Adam Gaudette, Alex Tuch, Frank Vatrano, Dylan Strome, Roope Hintz
Custom OT Lines Defensemen
Adam Larsson, Dougie Hamilton, Ryan Murray, Troy Stetcher, Erik Cernak
Scratches
Ryan Johansen (Bruised Right Shoulder Injury)
Ducks
5 vs 5 Forward
Center Left Wing Right Wing Time % Phy DF OF
1 Cody Eakin Carter Verhaeghe Kris Versteeg 30 0 1 4
2 Frederick Gaudreau Robby Fabbri Anthony Beauvillier 25 0 1 4
3 Patrice Bergeron Kyle Connor Wayne Simmonds 25 1 1 3
4 Mike Richards Andrew Cogliano Kyle Okposo 20 1 2 2
5 vs 5 Defense
Defense Defense Time % Phy DF OF
1 Noah Hanifin Tyler Myers 40 0 2 3
2 Calvin de Haan Jake Dotchin 30 1 1 3
3 Nikita Tryamkin Chris Bigras 20 3 1 1
4 Tyler Myers Noah Hanifin 10 4 1 0
PowerPlay Forward
Center Left Wing Right Wing Time % Phy DF OF
1 Cody Eakin Carter Verhaeghe Anthony Beauvillier 60 0 1 4
2 Frederick Gaudreau Robby Fabbri Kyle Connor 40 0 1 4
PowerPlay Defense
Defense Defense Time % Phy DF OF
1 Tyler Myers Noah Hanifin 60 0 1 4
2 Nikita Tryamkin Calvin de Haan 40 0 1 4
Penalty Kill 4 Players Forward
Center Wing Time % Phy DF OF
1 Patrice Bergeron Kyle Okposo 60 1 2 2
2 Frederick Gaudreau Kris Versteeg 40 1 2 2
Penalty Kill 4 Players Defense
Defense Defense Time % Phy DF OF
1 Jake Dotchin Chris Bigras 60 1 2 2
2 Nikita Tryamkin Tyler Myers 40 1 2 2
Penalty Kill - 3 Players Forward
Forward Time % Phy DF OF
1 Cody Eakin 60 0 3 2
2 Mike Richards 40 0 3 2
Penalty Kill - 3 Players Defense
Defense Defense Time % Phy DF OF
1 Jake Dotchin Noah Hanifin 60 0 3 2
2 Chris Bigras Nikita Tryamkin 40 0 3 2
4 vs 4 Forward
Center Wing Time % Phy DF OF
1 Patrice Bergeron Carter Verhaeghe 60 0 2 3
2 Mike Richards Wayne Simmonds 40 0 2 3
4 vs 4 Defense
Defense Defense Time % Phy DF OF
1 Jake Dotchin Calvin de Haan 60 0 2 3
2 Tyler Myers Noah Hanifin 40 0 2 3
Last Minutes Offensive
Center Left Wing Right Wing Defense Defense
Cody Eakin Robby Fabbri Kris Versteeg Tyler Myers Noah Hanifin
Last Minutes Defensive
Center Left Wing Right Wing Defense Defense
Cody Eakin Carter Verhaeghe Kris Versteeg Jake Dotchin Noah Hanifin
Goaltenders
Starting : Marek Mazanek
Backup : Michal Neuvirth
Extra Forwards
Normal : Cody Eakin, Carter Verhaeghe, Kris Versteeg - PP : Cody Eakin, Carter Verhaeghe - PK : Cody Eakin
Extra Defensemen
Normal : Tyler Myers, Noah Hanifin, Calvin de Haan - PP : Noah Hanifin - PK : Noah Hanifin, Tyler Myers
Penalty Shots
Robby Fabbri, Carter Verhaeghe, Kris Versteeg, Patrice Bergeron, Cody Eakin
Custom OT Lines Forwards
Carter Verhaeghe, Patrice Bergeron, Cody Eakin, Anthony Beauvillier, Robby Fabbri, Frederick Gaudreau, Andrew Cogliano, Kris Versteeg, Kyle Connor, Mike Richards
Custom OT Lines Defensemen
Tyler Myers, Noah Hanifin, Calvin de Haan, Jake Dotchin, Nikita Tryamkin
Scratches
Brian Lee (Healthy), Rostislav Olesz (Healthy), Travis Zajac (Healthy), Tye McGinn (Healthy), Tyler Pitlick (Healthy)
% Time on Ice - Jets
Lines # - Real PCT - Wanted PCT - Time Play
Normal Forward
1 - 30% - 35% - 12:14
2 - 30% - 35% - 12:27
3 - 24% - 20% - 9:41
4 - 16% - 10% - 6:46
Normal Defense
1 - 45% - 40% - 18:25
2 - 31% - 30% - 12:51
3 - 21% - 20% - 8:44
4 - 3% - 10% - 1:08
PP Forward
1 - 61% - 60% - 5:38
2 - 39% - 40% - 3:35
PP Defense
1 - 61% - 60% - 5:40
2 - 39% - 40% - 3:33
PK Forward
1 - 76% - 60% - 6:55
2 - 24% - 40% - 2:11
PK Defense
1 - 53% - 60% - 4:47
2 - 47% - 40% - 4:19
PK3 Forward
1 - 0% - 60%
2 - 0% - 40%
PK3 Defense
1 - 0% - 60%
2 - 0% - 40%
44 Forward
1 - 100% - 60% - 0:33
2 - 0% - 40% - 0:00
44 Defense
1 - 100% - 60% - 0:33
2 - 0% - 40% - 0:00
Last Minute Offensive - 0:00
Last Minute Defensive - 0:00
Total
Forward - 60:00
Defense - 60:00
|
% Time on Ice - Ducks
Lines # - Real PCT - Wanted PCT - Time Play
Normal Forward
1 - 30% - 30% - 12:27
2 - 25% - 25% - 10:09
3 - 25% - 25% - 10:05
4 - 21% - 20% - 8:27
Normal Defense
1 - 42% - 40% - 17:26
2 - 32% - 30% - 13:11
3 - 24% - 20% - 9:52
4 - 2% - 10% - 0:39
PP Forward
1 - 48% - 60% - 4:24
2 - 52% - 40% - 4:42
PP Defense
1 - 68% - 60% - 6:10
2 - 32% - 40% - 2:56
PK Forward
1 - 74% - 60% - 6:47
2 - 26% - 40% - 2:26
PK Defense
1 - 62% - 60% - 5:42
2 - 38% - 40% - 3:31
PK3 Forward
1 - 0% - 60%
2 - 0% - 40%
PK3 Defense
1 - 0% - 60%
2 - 0% - 40%
44 Forward
1 - 100% - 60% - 0:33
2 - 0% - 40% - 0:00
44 Defense
1 - 100% - 60% - 0:33
2 - 0% - 40% - 0:00
Last Minute Offensive - 0:00
Last Minute Defensive - 0:00
Total
Forward - 60:00
Defense - 60:00
|
Play-by-Play
1st period
0:01 of 1st period - Cody Eakin wins face-off versus Tyler Seguin in neutral zone.
0:39 of 1st period - Icing by Dougie Hamilton.
0:40 of 1st period - Dylan Strome wins face-off versus Patrice Bergeron in Jets zone.
0:45 of 1st period - Snap shot by Dougie Hamilton.
0:45 of 1st period - Stopped by Marek Mazanek with a rebound.
1:05 of 1st period - Adam Larsson is hit by Andrew Cogliano and loses puck.
1:12 of 1st period - Snap shot by Dylan Strome.
1:12 of 1st period - Stopped by Marek Mazanek without a rebound.
1:13 of 1st period - Cody Eakin wins face-off versus Roope Hintz in Ducks zone.
1:24 of 1st period - Snap shot by Kris Versteeg.
1:24 of 1st period - Stopped by Jacob Markstrom without a rebound.
1:25 of 1st period - Mike Richards wins face-off versus Tyler Seguin in Jets zone.
1:50 of 1st period - Mirco Mueller is hit by Frederick Gaudreau and loses puck.
2:30 of 1st period - Snap shot by Alex Tuch.
2:30 of 1st period - Shot Misses the Net.
3:40 of 1st period - Snap shot by Cody Eakin.
3:40 of 1st period - Stopped by Jacob Markstrom with a rebound.
3:48 of 1st period - Nikita Tryamkin is hit by Frank Vatrano and loses puck.
4:16 of 1st period - Tyler Seguin is hit by Wayne Simmonds and loses puck.
6:11 of 1st period - Jake Dotchin is hit by Alex Tuch and loses puck.
6:18 of 1st period - Roope Hintz is hit by Andrew Cogliano and loses puck.
6:29 of 1st period - Snap shot by Samuel Blais.
6:29 of 1st period - Goal by Samuel Blais - Jets : 1 - Ducks : 0.
6:30 of 1st period - Cody Eakin wins face-off versus Dylan Strome in neutral zone.
6:35 of 1st period - Wrist shot by Dylan Strome.
6:35 of 1st period - Shot Misses the Net.
6:43 of 1st period - Slapshot by Cody Eakin.
6:43 of 1st period - Shot Misses the Net.
6:45 of 1st period - Slapshot by Jake Dotchin.
6:45 of 1st period - Shot Misses the Net.
6:47 of 1st period - Snap shot by Calvin de Haan.
6:47 of 1st period - Deflect By Adam Gaudette.
6:47 of 1st period - Stopped by Jacob Markstrom without a rebound.
6:48 of 1st period - Patrice Bergeron wins face-off versus Tyler Seguin in Jets zone.
7:14 of 1st period - Dylan Strome is hit by Kris Versteeg and loses puck.
7:21 of 1st period - Snap shot by Cody Eakin.
7:21 of 1st period - Shot Misses the Net.
7:24 of 1st period - Icing by Dougie Hamilton.
7:25 of 1st period - Dylan Strome wins face-off versus Frederick Gaudreau in Jets zone.
7:25 of 1st period - Dylan Strome is hit by Robby Fabbri.
7:33 of 1st period - Slapshot by Adam Larsson.
7:33 of 1st period - Stopped by Marek Mazanek without a rebound.
7:34 of 1st period - Tyler Seguin wins face-off versus Frederick Gaudreau in Ducks zone.
7:52 of 1st period - Minor Penalty to Anthony Beauvillier for Tripping.
7:53 of 1st period - Patrice Bergeron wins face-off versus Tyler Seguin in Ducks zone.
8:07 of 1st period - Snap shot by Patrice Bergeron.
8:07 of 1st period - Stopped by Jacob Markstrom without a rebound.
8:08 of 1st period - Patrice Bergeron wins face-off versus Tyler Seguin in Jets zone.
8:09 of 1st period - Snap shot by Kyle Okposo.
8:09 of 1st period - Stopped by Jacob Markstrom with a rebound.
8:39 of 1st period - Slapshot by Adam Larsson.
8:39 of 1st period - Deflect By Jake Dotchin.
8:39 of 1st period - Stopped by Marek Mazanek without a rebound.
8:40 of 1st period - Dylan Strome wins face-off versus Frederick Gaudreau in Ducks zone.
8:41 of 1st period - Wrist shot by Matt Martin.
8:41 of 1st period - Goal by Matt Martin - Jets : 2 - Ducks : 0.
8:42 of 1st period - Cody Eakin wins face-off versus Tyler Seguin in neutral zone.
9:09 of 1st period - Noah Hanifin is hit by Troy Stetcher and loses puck.
9:38 of 1st period - Wrist shot by Pavel Buchnevich.
9:38 of 1st period - Stopped by Marek Mazanek without a rebound.
9:39 of 1st period - Cody Eakin wins face-off versus Tyler Seguin in Ducks zone.
9:44 of 1st period - Slapshot by Calvin de Haan.
9:44 of 1st period - Stopped by Jacob Markstrom without a rebound.
9:45 of 1st period - Cody Eakin wins face-off versus Anthony Mantha in Jets zone.
9:46 of 1st period - Slapshot by Kris Versteeg.
9:46 of 1st period - Stopped by Jacob Markstrom with a rebound.
9:48 of 1st period - Slapshot by Kris Versteeg.
9:48 of 1st period - Shot Misses the Net.
9:50 of 1st period - Slapshot by Jake Dotchin.
9:50 of 1st period - Deflect By Cody Eakin.
9:50 of 1st period - Shot Misses the Net.
9:50 of 1st period - Puck is out of play.
9:51 of 1st period - Mike Richards wins face-off versus Dylan Strome in Jets zone.
9:52 of 1st period - Snap shot by Andrew Cogliano.
9:52 of 1st period - Shot Misses the Net.
9:54 of 1st period - Slapshot by Tyler Myers.
9:54 of 1st period - Stopped by Jacob Markstrom without a rebound.
9:55 of 1st period - Mike Richards wins face-off versus Matt Martin in Jets zone.
10:02 of 1st period - Snap shot by Mike Richards.
10:02 of 1st period - Deflect By Andrew Cogliano.
10:02 of 1st period - Shot Hit the Post.
10:02 of 1st period - Puck is out of play.
10:03 of 1st period - Carter Verhaeghe wins face-off versus Dylan Strome in Jets zone.
10:39 of 1st period - Wrist shot by Wayne Simmonds.
10:39 of 1st period - Stopped by Jacob Markstrom without a rebound.
10:40 of 1st period - Mike Richards wins face-off versus Roope Hintz in Jets zone.
10:43 of 1st period - Snap shot by Mike Richards.
10:43 of 1st period - Shot Misses the Net.
10:45 of 1st period - Slapshot by Calvin de Haan.
10:45 of 1st period - Shot Blocked by Dougie Hamilton.
10:47 of 1st period - Slapshot by Andrew Cogliano.
10:47 of 1st period - Stopped by Jacob Markstrom with a rebound.
10:53 of 1st period - Wrist shot by Kyle Okposo.
10:53 of 1st period - Stopped by Jacob Markstrom with a rebound.
10:55 of 1st period - Wrist shot by Andrew Cogliano.
10:55 of 1st period - Deflect By Mike Richards.
10:55 of 1st period - Shot Blocked by Roope Hintz.
10:55 of 1st period - Puck is out of play.
10:56 of 1st period - Patrice Bergeron wins face-off versus Tyler Seguin in Jets zone.
11:06 of 1st period - Minor Penalty to Adam Larsson for Holding.
11:07 of 1st period - Carter Verhaeghe wins face-off versus Tyler Seguin in Jets zone.
12:17 of 1st period - Snap shot by Dylan Strome.
12:17 of 1st period - Stopped by Marek Mazanek with a rebound.
13:06 of 1st period - Penalty to Adam Larsson is over, Adam Larsson is back on ice.
13:34 of 1st period - Wrist shot by Wayne Simmonds.
13:34 of 1st period - Shot Misses the Net.
13:56 of 1st period - Kris Versteeg is hit by Matt Martin and loses puck.
14:52 of 1st period - Snap shot by Samuel Blais.
14:52 of 1st period - Stopped by Marek Mazanek without a rebound.
14:53 of 1st period - Frederick Gaudreau wins face-off versus Sam Reinhart in Ducks zone.
14:53 of 1st period - Frederick Gaudreau is hit by Sam Reinhart.
15:10 of 1st period - Snap shot by Frederick Gaudreau.
15:10 of 1st period - Shot Misses the Net.
15:53 of 1st period - Adam Larsson is hit by Patrice Bergeron and loses puck.
16:48 of 1st period - Troy Stetcher is hit by Calvin de Haan and loses puck.
17:17 of 1st period - Slapshot by Kyle Connor.
17:17 of 1st period - Stopped by Jacob Markstrom with a rebound.
17:19 of 1st period - Slapshot by Kyle Connor.
17:19 of 1st period - Shot Blocked by Pavel Buchnevich.
17:25 of 1st period - Minor Penalty to Troy Stetcher for High sticking.
17:26 of 1st period - Cody Eakin wins face-off versus Tyler Seguin in Jets zone.
17:39 of 1st period - Slapshot by Noah Hanifin.
17:39 of 1st period - Stopped by Jacob Markstrom without a rebound.
17:40 of 1st period - Carter Verhaeghe wins face-off versus Anthony Mantha in Jets zone.
18:11 of 1st period - Wrist shot by Robby Fabbri.
18:11 of 1st period - Shot Misses the Net.
19:25 of 1st period - Penalty to Troy Stetcher is over, Troy Stetcher is back on ice.
19:46 of 1st period - Frank Vatrano is hit by Andrew Cogliano and loses puck.
Goals for this period are 2 for Jets vs 0 for Ducks.
Shots for this period are 9 for Jets vs 13 for Ducks.
2nd period
0:01 of 2nd period - Tyler Seguin wins face-off versus Cody Eakin in neutral zone.
0:26 of 2nd period - Anthony Beauvillier is hit by Adam Gaudette and loses puck.
0:51 of 2nd period - Wrist shot by Patrice Bergeron.
0:51 of 2nd period - Shot Misses the Net.
0:53 of 2nd period - Snap shot by Noah Hanifin.
0:53 of 2nd period - Stopped by Jacob Markstrom without a rebound.
0:54 of 2nd period - Tyler Seguin wins face-off versus Kris Versteeg in Jets zone.
0:54 of 2nd period - Tyler Seguin is hit by Carter Verhaeghe.
1:02 of 2nd period - Snap shot by Tyler Seguin.
1:02 of 2nd period - Shot Misses the Net.
1:10 of 2nd period - Wrist shot by Jack Roslovic.
1:10 of 2nd period - Stopped by Marek Mazanek without a rebound.
1:11 of 2nd period - Dylan Strome wins face-off versus Frederick Gaudreau in Ducks zone.
1:37 of 2nd period - Minor Penalty to Anthony Mantha for Slashing.
1:38 of 2nd period - Tyler Seguin wins face-off versus Cody Eakin in Jets zone.
1:49 of 2nd period - Tyler Seguin is hit by Cody Eakin and loses puck.
2:10 of 2nd period - Icing by Tyler Myers.
2:11 of 2nd period - Tyler Seguin wins face-off versus Frederick Gaudreau in Ducks zone.
2:28 of 2nd period - Tyler Seguin is hit by Tyler Myers and loses puck.
3:01 of 2nd period - Snap shot by Frederick Gaudreau.
3:01 of 2nd period - Shot Blocked by Pavel Buchnevich.
3:03 of 2nd period - Slapshot by Noah Hanifin.
3:03 of 2nd period - Shot Misses the Net.
3:37 of 2nd period - Penalty to Anthony Mantha is over, Anthony Mantha is back on ice.
3:39 of 2nd period - Slapshot by Frederick Gaudreau.
3:39 of 2nd period - Stopped by Jacob Markstrom without a rebound.
3:40 of 2nd period - Matt Martin wins face-off versus Cody Eakin in Jets zone.
3:40 of 2nd period - Matt Martin is hit by Jake Dotchin.
4:12 of 2nd period - Snap shot by Andrew Cogliano.
4:12 of 2nd period - Stopped by Jacob Markstrom without a rebound.
4:13 of 2nd period - Dylan Strome wins face-off versus Mike Richards in Jets zone.
4:40 of 2nd period - Wrist shot by Mike Richards.
4:40 of 2nd period - Shot Misses the Net.
4:42 of 2nd period - Slapshot by Jake Dotchin.
4:42 of 2nd period - Shot Blocked by Erik Cernak.
4:44 of 2nd period - Slapshot by Mike Richards.
4:44 of 2nd period - Stopped by Jacob Markstrom with a rebound.
4:46 of 2nd period - Snap shot by Mike Richards.
4:46 of 2nd period - Stopped by Jacob Markstrom with a rebound.
4:48 of 2nd period - Backhand shot by Calvin de Haan.
4:48 of 2nd period - Shot Blocked by Erik Cernak.
4:52 of 2nd period - Snap shot by Kyle Okposo.
4:52 of 2nd period - Stopped by Jacob Markstrom with a rebound.
4:54 of 2nd period - Snap shot by Kyle Okposo.
4:54 of 2nd period - Shot Hit the Post.
4:56 of 2nd period - Snap shot by Chris Bigras.
4:56 of 2nd period - Deflect By Kyle Okposo.
4:56 of 2nd period - Shot Misses the Net.
4:56 of 2nd period - Puck is out of play.
4:57 of 2nd period - Roope Hintz wins face-off versus Cody Eakin in Jets zone.
5:01 of 2nd period - Off-side.
5:02 of 2nd period - Roope Hintz wins face-off versus Cody Eakin in neutral zone.
5:49 of 2nd period - Slapshot by Roope Hintz.
5:49 of 2nd period - Stopped by Marek Mazanek with a rebound.
5:51 of 2nd period - Slapshot by Dougie Hamilton.
5:51 of 2nd period - Shot Blocked by Cody Eakin.
5:53 of 2nd period - Backhand shot by Roope Hintz.
5:53 of 2nd period - Stopped by Marek Mazanek with a rebound.
5:55 of 2nd period - Slapshot by Roope Hintz.
5:55 of 2nd period - Stopped by Marek Mazanek with a rebound.
5:57 of 2nd period - Wrist shot by Alex Tuch.
5:57 of 2nd period - Shot Misses the Net.
5:59 of 2nd period - Snap shot by Adam Larsson.
5:59 of 2nd period - Shot Blocked by Chris Bigras.
6:01 of 2nd period - Slapshot by Adam Larsson.
6:01 of 2nd period - Deflect By Kris Versteeg.
6:01 of 2nd period - Stopped by Marek Mazanek without a rebound.
6:02 of 2nd period - Patrice Bergeron wins face-off versus Tyler Seguin in Ducks zone.
6:09 of 2nd period - Wrist shot by Jack Roslovic.
6:09 of 2nd period - Stopped by Marek Mazanek without a rebound.
6:10 of 2nd period - Wayne Simmonds wins face-off versus Tyler Seguin in Ducks zone.
6:46 of 2nd period - Off-side.
6:47 of 2nd period - Frederick Gaudreau wins face-off versus Dylan Strome in neutral zone.
7:00 of 2nd period - Slapshot by Matt Martin.
7:00 of 2nd period - Shot Blocked by Calvin de Haan.
7:02 of 2nd period - Slapshot by Adam Larsson.
7:02 of 2nd period - Stopped by Marek Mazanek with a rebound.
7:12 of 2nd period - Roope Hintz is hit by Kris Versteeg and loses puck.
7:22 of 2nd period - Cody Eakin is hit by Roope Hintz.
7:30 of 2nd period - Snap shot by Samuel Blais.
7:30 of 2nd period - Stopped by Marek Mazanek without a rebound.
7:31 of 2nd period - Sam Reinhart wins face-off versus Mike Richards in Ducks zone.
8:44 of 2nd period - Wrist shot by Roope Hintz.
8:44 of 2nd period - Shot Blocked by Calvin de Haan.
8:46 of 2nd period - Slapshot by Adam Larsson.
8:46 of 2nd period - Stopped by Marek Mazanek with a rebound.
8:48 of 2nd period - Snap shot by Roope Hintz.
8:48 of 2nd period - Shot Misses the Net.
9:16 of 2nd period - Snap shot by Anthony Mantha.
9:16 of 2nd period - Shot Blocked by Mike Richards.
9:18 of 2nd period - Wrist shot by Anthony Mantha.
9:18 of 2nd period - Shot Misses the Net.
9:24 of 2nd period - Major Penalty to Calvin de Haan for Boarding.
9:25 of 2nd period - Tyler Seguin wins face-off versus Patrice Bergeron in Ducks zone.
10:24 of 2nd period - Snap shot by Andrew Cogliano.
10:24 of 2nd period - Stopped by Jacob Markstrom without a rebound.
10:25 of 2nd period - Patrice Bergeron wins face-off versus Matt Martin in Jets zone.
12:31 of 2nd period - Wrist shot by Samuel Blais.
12:31 of 2nd period - Deflect By Alex Tuch.
12:31 of 2nd period - Shot Misses the Net.
12:31 of 2nd period - Puck is out of play.
12:32 of 2nd period - Tyler Seguin wins face-off versus Frederick Gaudreau in Ducks zone.
14:24 of 2nd period - Penalty to Calvin de Haan is over, Calvin de Haan is back on ice.
14:24 of 2nd period - Andrew Cogliano is hit by Troy Stetcher and loses puck.
14:37 of 2nd period - Noah Hanifin is hit by Frank Vatrano and loses puck.
15:12 of 2nd period - Mirco Mueller is hit by Wayne Simmonds.
15:50 of 2nd period - Samuel Blais is hit by Frederick Gaudreau and loses puck.
16:56 of 2nd period - Sam Reinhart is hit by Mike Richards.
17:24 of 2nd period - Noah Hanifin is hit by Erik Cernak and loses puck.
17:38 of 2nd period - Minor Penalty to Noah Hanifin for Tripping.
17:39 of 2nd period - Tyler Seguin wins face-off versus Patrice Bergeron in Ducks zone.
17:52 of 2nd period - Snap shot by Dougie Hamilton.
17:52 of 2nd period - Stopped by Marek Mazanek without a rebound.
17:53 of 2nd period - Tyler Seguin wins face-off versus Kyle Okposo in Ducks zone.
18:19 of 2nd period - Kyle Okposo is hit by Dylan Strome and loses puck.
19:05 of 2nd period - Snap shot by Andrew Cogliano.
19:05 of 2nd period - Stopped by Jacob Markstrom without a rebound.
19:06 of 2nd period - Tyler Seguin wins face-off versus Cody Eakin in Jets zone.
19:38 of 2nd period - Penalty to Noah Hanifin is over, Noah Hanifin is back on ice.
19:44 of 2nd period - Wrist shot by Pavel Buchnevich.
19:44 of 2nd period - Stopped by Marek Mazanek without a rebound.
19:45 of 2nd period - Roope Hintz wins face-off versus Patrice Bergeron in Ducks zone.
19:48 of 2nd period - Slapshot by Troy Stetcher.
19:48 of 2nd period - Goal by Troy Stetcher - Jets : 3 - Ducks : 0.
19:49 of 2nd period - Tyler Seguin wins face-off versus Frederick Gaudreau in neutral zone.
19:51 of 2nd period - Off-side.
19:52 of 2nd period - Tyler Seguin wins face-off versus Frederick Gaudreau in neutral zone.
19:57 of 2nd period - Wrist shot by Tyler Seguin.
19:57 of 2nd period - Shot Misses the Net.
Goals for this period are 1 for Jets vs 0 for Ducks.
Shots for this period are 12 for Jets vs 8 for Ducks.
3rd period
0:01 of 3rd period - Tyler Seguin wins face-off versus Frederick Gaudreau in neutral zone.
0:16 of 3rd period - Snap shot by Tyler Seguin.
0:16 of 3rd period - Stopped by Marek Mazanek without a rebound.
0:17 of 3rd period - Dylan Strome wins face-off versus Patrice Bergeron in Ducks zone.
0:38 of 3rd period - Minor Penalty to Patrice Bergeron for Tripping.
0:39 of 3rd period - Cody Eakin wins face-off versus Tyler Seguin in Ducks zone.
1:22 of 3rd period - Wrist shot by Matt Martin.
1:22 of 3rd period - Shot Blocked by Jake Dotchin.
2:04 of 3rd period - Minor Penalty to Jack Roslovic for Hooking.
2:05 of 3rd period - Tyler Seguin wins face-off versus Cody Eakin in Jets zone.
2:11 of 3rd period - Off-side.
2:12 of 3rd period - Cody Eakin wins face-off versus Tyler Seguin in neutral zone.
2:17 of 3rd period - Wrist shot by Cody Eakin.
2:17 of 3rd period - Stopped by Jacob Markstrom without a rebound.
2:18 of 3rd period - Tyler Seguin wins face-off versus Cody Eakin in Jets zone.
2:38 of 3rd period - Penalty to Patrice Bergeron is over, Patrice Bergeron is back on ice.
2:43 of 3rd period - Carter Verhaeghe is hit by Dylan Strome and loses puck.
2:48 of 3rd period - Slapshot by Matt Martin.
2:48 of 3rd period - Shot Misses the Net.
2:54 of 3rd period - Slapshot by Calvin de Haan.
2:54 of 3rd period - Shot Blocked by Ryan Murray.
2:56 of 3rd period - Snap shot by Carter Verhaeghe.
2:56 of 3rd period - Stopped by Jacob Markstrom without a rebound.
2:57 of 3rd period - Tyler Seguin wins face-off versus Frederick Gaudreau in Jets zone.
3:00 of 3rd period - Snap shot by Kyle Connor.
3:00 of 3rd period - Shot Misses the Net.
3:24 of 3rd period - Carter Verhaeghe is hit by Adam Larsson and loses puck.
3:52 of 3rd period - Icing by Frederick Gaudreau.
3:53 of 3rd period - Frederick Gaudreau wins face-off versus Tyler Seguin in Ducks zone.
4:04 of 3rd period - Penalty to Jack Roslovic is over, Jack Roslovic is back on ice.
4:18 of 3rd period - Snap shot by Pavel Buchnevich.
4:18 of 3rd period - Goal by Pavel Buchnevich - Jets : 4 - Ducks : 0.
4:19 of 3rd period - Cody Eakin wins face-off versus Tyler Seguin in neutral zone.
4:32 of 3rd period - Snap shot by Jack Roslovic.
4:32 of 3rd period - Shot Misses the Net.
4:34 of 3rd period - Slapshot by Dougie Hamilton.
4:34 of 3rd period - Shot Misses the Net.
4:36 of 3rd period - Slapshot by Adam Larsson.
4:36 of 3rd period - Stopped by Marek Mazanek with a rebound.
4:50 of 3rd period - Wrist shot by Robby Fabbri.
4:50 of 3rd period - Shot Blocked by Dylan Strome.
4:52 of 3rd period - Slapshot by Noah Hanifin.
4:52 of 3rd period - Shot Misses the Net.
4:54 of 3rd period - Snap shot by Robby Fabbri.
4:54 of 3rd period - Shot Misses the Net.
4:56 of 3rd period - Snap shot by Anthony Beauvillier.
4:56 of 3rd period - Stopped by Jacob Markstrom without a rebound.
4:57 of 3rd period - Tyler Seguin wins face-off versus Patrice Bergeron in Jets zone.
5:08 of 3rd period - Snap shot by Wayne Simmonds.
5:08 of 3rd period - Shot Misses the Net.
5:10 of 3rd period - Wrist shot by Wayne Simmonds.
5:10 of 3rd period - Goal by Wayne Simmonds - Jets : 4 - Ducks : 1.
5:11 of 3rd period - Frederick Gaudreau wins face-off versus Tyler Seguin in neutral zone.
5:14 of 3rd period - Slapshot by Robby Fabbri.
5:14 of 3rd period - Stopped by Jacob Markstrom with a rebound.
5:42 of 3rd period - Icing by Wayne Simmonds.
5:43 of 3rd period - Dylan Strome wins face-off versus Patrice Bergeron in Ducks zone.
5:54 of 3rd period - Snap shot by Matt Martin.
5:54 of 3rd period - Shot Hit the Post.
6:30 of 3rd period - Slapshot by Ryan Murray.
6:30 of 3rd period - Shot Blocked by Noah Hanifin.
6:43 of 3rd period - Backhand shot by Matt Martin.
6:43 of 3rd period - Stopped by Marek Mazanek without a rebound.
6:44 of 3rd period - Tyler Seguin wins face-off versus Cody Eakin in Ducks zone.
6:47 of 3rd period - Wrist shot by Tyler Seguin.
6:47 of 3rd period - Shot Misses the Net.
7:01 of 3rd period - Slapshot by Carter Verhaeghe.
7:01 of 3rd period - Shot Blocked by Adam Larsson.
7:34 of 3rd period - Snap shot by Andrew Cogliano.
7:34 of 3rd period - Goal by Andrew Cogliano - Jets : 4 - Ducks : 2.
7:35 of 3rd period - Cody Eakin wins face-off versus Tyler Seguin in neutral zone.
8:07 of 3rd period - Off-side.
8:08 of 3rd period - Frederick Gaudreau wins face-off versus Alex Tuch in neutral zone.
8:15 of 3rd period - Wrist shot by Robby Fabbri.
8:15 of 3rd period - Shot Misses the Net.
8:17 of 3rd period - Slapshot by Jake Dotchin.
8:17 of 3rd period - Stopped by Jacob Markstrom with a rebound.
8:19 of 3rd period - Slapshot by Jake Dotchin.
8:19 of 3rd period - Stopped by Jacob Markstrom with a rebound.
8:21 of 3rd period - Snap shot by Frederick Gaudreau.
8:21 of 3rd period - Shot Blocked by Dougie Hamilton.
8:23 of 3rd period - Slapshot by Jake Dotchin.
8:23 of 3rd period - Shot Misses the Net.
8:45 of 3rd period - Andrew Cogliano is hit by Adam Larsson and loses puck.
8:56 of 3rd period - Wrist shot by Pavel Buchnevich.
8:56 of 3rd period - Shot Misses the Net.
8:58 of 3rd period - Snap shot by Roope Hintz.
8:58 of 3rd period - Stopped by Marek Mazanek with a rebound.
9:00 of 3rd period - Backhand shot by Adam Larsson.
9:00 of 3rd period - Shot Misses the Net.
9:02 of 3rd period - Slapshot by Adam Larsson.
9:02 of 3rd period - Stopped by Marek Mazanek with a rebound.
9:04 of 3rd period - Wrist shot by Alex Tuch.
9:04 of 3rd period - Deflect By Roope Hintz.
9:04 of 3rd period - Shot Misses the Net.
9:04 of 3rd period - Puck is out of play.
9:05 of 3rd period - Cody Eakin wins face-off versus Tyler Seguin in Ducks zone.
9:10 of 3rd period - Slapshot by Troy Stetcher.
9:10 of 3rd period - Deflect By Jack Roslovic.
9:10 of 3rd period - Stopped by Marek Mazanek without a rebound.
9:11 of 3rd period - Cody Eakin wins face-off versus Tyler Seguin in Ducks zone.
9:34 of 3rd period - Wrist shot by Tyler Seguin.
9:34 of 3rd period - Shot Misses the Net.
9:42 of 3rd period - Wrist shot by Jack Roslovic.
9:42 of 3rd period - Shot Misses the Net.
9:44 of 3rd period - Snap shot by Tyler Seguin.
9:44 of 3rd period - Stopped by Marek Mazanek with a rebound.
9:46 of 3rd period - Wrist shot by Tyler Seguin.
9:46 of 3rd period - Shot Misses the Net.
9:48 of 3rd period - Slapshot by Troy Stetcher.
9:48 of 3rd period - Shot Misses the Net.
10:02 of 3rd period - Wrist shot by Jack Roslovic.
10:02 of 3rd period - Shot Misses the Net.
10:04 of 3rd period - Wrist shot by Anthony Mantha.
10:04 of 3rd period - Shot Blocked by Noah Hanifin.
10:06 of 3rd period - Slapshot by Ryan Murray.
10:06 of 3rd period - Shot Misses the Net.
10:08 of 3rd period - Slapshot by Anthony Mantha.
10:08 of 3rd period - Deflect By Tyler Seguin.
10:08 of 3rd period - Stopped by Marek Mazanek without a rebound.
10:09 of 3rd period - Frederick Gaudreau wins face-off versus Dylan Strome in Ducks zone.
10:16 of 3rd period - Wrist shot by Anthony Beauvillier.
10:16 of 3rd period - Stopped by Jacob Markstrom with a rebound.
10:36 of 3rd period - Calvin de Haan is hit by Roope Hintz and loses puck.
11:14 of 3rd period - Off-side.
11:15 of 3rd period - Dylan Strome wins face-off versus Frederick Gaudreau in neutral zone.
11:18 of 3rd period - Wrist shot by Adam Gaudette.
11:18 of 3rd period - Stopped by Marek Mazanek without a rebound.
11:19 of 3rd period - Dylan Strome wins face-off versus Frederick Gaudreau in Ducks zone.
12:28 of 3rd period - Snap shot by Frederick Gaudreau.
12:28 of 3rd period - Shot Blocked by Erik Cernak.
12:30 of 3rd period - Snap shot by Frederick Gaudreau.
12:30 of 3rd period - Stopped by Jacob Markstrom without a rebound.
12:31 of 3rd period - Tyler Seguin wins face-off versus Patrice Bergeron in Jets zone.
13:49 of 3rd period - Kyle Connor is hit by Anthony Mantha and loses puck.
14:41 of 3rd period - Icing by Nikita Tryamkin.
14:42 of 3rd period - Kris Versteeg wins face-off versus Tyler Seguin in Ducks zone.
14:42 of 3rd period - Kris Versteeg is hit by Tyler Seguin.
14:50 of 3rd period - Wrist shot by Jack Roslovic.
14:50 of 3rd period - Stopped by Marek Mazanek with a rebound.
14:58 of 3rd period - Snap shot by Anthony Mantha.
14:58 of 3rd period - Stopped by Marek Mazanek with a rebound.
15:12 of 3rd period - Erik Cernak is hit by Kyle Connor and loses puck.
15:34 of 3rd period - Icing by Tyler Myers.
15:35 of 3rd period - Andrew Cogliano wins face-off versus Dylan Strome in Ducks zone.
16:46 of 3rd period - Snap shot by Anthony Beauvillier.
16:46 of 3rd period - Shot Misses the Net.
17:02 of 3rd period - Adam Larsson is hit by Kyle Okposo and loses puck.
17:11 of 3rd period - Snap shot by Dougie Hamilton.
17:11 of 3rd period - Stopped by Marek Mazanek without a rebound.
17:12 of 3rd period - Alex Tuch wins face-off versus Wayne Simmonds in Ducks zone.
17:43 of 3rd period - Kyle Okposo is hit by Jack Roslovic and loses puck.
18:00 of 3rd period - Backhand shot by Adam Gaudette.
18:00 of 3rd period - Stopped by Marek Mazanek with a rebound.
18:07 of 3rd period - Noah Hanifin is hit by Adam Larsson and loses puck.
18:16 of 3rd period - Minor Penalty to Matt Martin for Cross-checking.
18:17 of 3rd period - Cody Eakin wins face-off versus Tyler Seguin in Jets zone.
18:18 of 3rd period - Snap shot by Anthony Beauvillier.
18:18 of 3rd period - Stopped by Jacob Markstrom without a rebound.
18:19 of 3rd period - Cody Eakin wins face-off versus Anthony Mantha in Jets zone.
19:01 of 3rd period - Off-side.
19:02 of 3rd period - Dylan Strome wins face-off versus Cody Eakin in neutral zone.
Goals for this period are 1 for Jets vs 2 for Ducks.
Shots for this period are 14 for Jets vs 11 for Ducks.